[Event "11th Festival Palmanova-A 2022"]
[Site "Strassoldo"]
[Date "2022.12.09"]
[Round "3.9"]
[White "Neuschmied, Siegfried"]
[Black "Siraj, Svit"]
[Result "1-0"]
[ECO "C76"]
[WhiteElo "2244"]
[BlackElo "2114"]
[Annotator "TA"]
[PlyCount "95"]
[EventDate "2022.12.08"]
[EventType "swiss"]
[EventCountry "ITA"]
[SourceTitle "playchess.com"]
[Source "ChessBase"]
[SourceQuality "1"]
[TimeControl "5400+30"]

1. e4 e5 2. Nf3 Nc6 3. Bb5 a6 4. Ba4 d6 5. c3 Bd7 6. O-O g6 7. d4 Bg7 8. Be3 b5 {[%emt 0:00:32] C76: Ruy Lopez: Deferred Steinitz: 5 c3 Bd7 6 d4 g6.} 9. Bc2 Nf6 10. h3 O-O {[%emt 0:00:17] The position is equal.} 11. Nbd2 Rc8 (11... a5 $11) 12. a3 Re8 13. Re1 {[%emt 0:08:13] [#]} Na5 $146 ({Predecessor:} 13... Nb8 14. b4 exd4 15. cxd4 Bc6 16. Bg5 h6 17. Bh4 g5 18. Bg3 Bb7 19. Rc1 Re7 {1-0 (63) Agopov,M (2422)-Hallman,V (2214) Finland 2019}) 14. dxe5 dxe5 15. b4 Nb7 16. a4 c5 17. axb5 axb5 18. Ra7 Bc6 (18... Rc7 $11) 19. bxc5 $16 {[%emt 0:05:04] White is more active.} Bf8 20. Qa1 (20. Bb3 $1 $16) 20... Bxc5 $11 21. Bxc5 Nxc5 22. Qa3 Qb6 ({But not} 22... Ne6 23. Rd1 Nd7 24. Bb3 $11) 23. Qa2 Rc7 24. Ra3 Rd7 25. Qb1 Red8 (25... Qb7 $11 {remains equal.}) 26. Nc4 $16 Qc7 27. Ncxe5 {[%emt 0:00:29] Black must now prevent Qb4.} Re7 28. Nxc6 (28. Ra7 {seems wilder.} Bb7 29. Qxb5 Ra8 30. Rxa8+ Bxa8 31. Ng4) 28... Qxc6 29. e5 Nfd7 30. Ra5 Rde8 ({Black should try} 30... Rc8 $14) 31. Qxb5 Qc7 (31... Qxb5 $142 32. Rxb5 Nxe5 33. Nxe5 (33. Rxc5 $2 {perishes.} Nxf3+ 34. gxf3 Rxe1+ 35. Kg2 R8e5 $19) 33... Rxe5 34. Rxe5 Rxe5) 32. Raa1 Kf8 {[%emt 0:04:16][%cal Rd7e5] [#]} 33. Qa5 $1 Nxe5 (33... Qxa5 $16 34. Rxa5 Nxe5 35. Nxe5 (35. Rxc5 $2 {loses.} Nxf3+ 36. gxf3 Rxe1+ 37. Kg2 R1e5 $19) 35... Rxe5 36. Rxe5 Rxe5) 34. Nxe5 Qxa5 35. Rxa5 Rxe5 36. Rxe5 Rxe5 {[%emt 0:00:05][%mdl 4096] Endgame KRB-KRN} 37. Kf1 {[%emt 0:01:06] Inhibits Re1+.} g5 (37... Nd7 $16 38. Rxe5 Nxe5) 38. Bxh7 f5 39. g4 f4 (39... fxg4 40. hxg4 Nd7 41. Ra8+ Kf7) 40. Kg2 $18 Kg7 $2 (40... Nd7) 41. Bf5 Kf6 42. Rb5 {[%emt 0:01:30] Inhibits Nb3.} Na4 43. Rxe5 Kxe5 44. c4 $2 (44. h4 $18 {is the precise move to win.} gxh4 45. Kh3) 44... Nb2 $2 {[%emt 0:00:09][%mdl 8192] Loses the game.} (44... Kf6 $16 45. Kf3 Ke5) 45. c5 {[%emt 0:00:38][%cal Oh3h4] Hoping for h4!} Kd5 {[%emt 0:00:06] Inhibits h4.} 46. h4 gxh4 47. g5 {[%emt 0:00:41] White wants to mate with g6.} Ke5 {[%emt 0:01:20] [#] Prevents g6.} 48. g6 $1 {[%emt 0:00:37] Weighted Error Value: White=0.31/Black=0.48} 1-0

[Event "11th Festival Palmanova-A 2022"]
[Site "Strassoldo"]
[Date "2022.12.09"]
[Round "3.10"]
[White "Iolis, Oleg"]
[Black "Piangerelli, Michele"]
[Result "1-0"]
[ECO "C77"]
[WhiteElo "2212"]
[BlackElo "2017"]
[Annotator "TA"]
[PlyCount "47"]
[EventDate "2022.12.08"]
[EventType "swiss"]
[EventCountry "ITA"]
[SourceTitle "playchess.com"]
[Source "ChessBase"]
[SourceQuality "1"]
[TimeControl "5400+30"]

1. e4 e5 2. Nf3 Nc6 3. Bb5 Nf6 4. d3 d6 5. c3 Be7 6. O-O O-O 7. Nbd2 a6 8. Ba4 b5 9. Bc2 d5 10. Re1 {[%emt 0:00:28] C77: Ruy Lopez: 3...a6 4 Ba4 Nf6, unusual lines.} dxe4 11. dxe4 Re8 12. Qe2 {[%emt 0:02:23] White is slightly better.} Bc5 {[%emt 0:02:11] [#]} 13. b4 $146 ({Predecessor:} 13. Nf1 h6 14. Be3 Qe7 15. a4 Na7 16. b4 Bxe3 17. Nxe3 c5 18. Rab1 cxb4 19. cxb4 Bd7 20. a5 Nc6 21. Qd2 Bg4 22. Nxg4 {½-½ (22) Doric,N (2267)-Glazar,D (2048) Zagreb 2016}) 13... Bb6 14. a4 bxa4 (14... Be6 $14) 15. Bxa4 Bd7 16. Nc4 $36 {[%emt 0:00:22][%mdl 2048] Black must now prevent Rd1. White is really pushing.} Nb8 (16... Ne7 $16 {keeps fighting.}) 17. Rd1 ({But not} 17. Nfxe5 Bxa4 18. Rxa4 Re6 $16) 17... Qc8 {[%emt 0:07:55] [#]} (17... Qe7 $16 18. Bg5 (18. Ncxe5 Bxa4 19. Rxa4 Nbd7 $16) 18... Bxa4 19. Rxa4 h6) 18. Nfxe5 ({Don't play} 18. Ncxe5 Bxa4 19. Rxa4 Qe6 $16) (18. Bb3 $1 $18) 18... Bxa4 $16 19. Rxa4 Rxe5 $4 {[%emt 0:00:21][%mdl 8192] Loses the game.} 20. Nxe5 $18 Qe8 21. Ng4 {[%emt 0:00:46] aiming for Nxf6+.} Qxa4 $2 {[%emt 0:01:00] [#]} (21... Nbd7) 22. Nxf6+ gxf6 23. Rd8+ Kg7 24. Qg4# {[%emt 1:20:50] Weighted Error Value: White=0.31/Black=0.84} 1-0

[Event "11th Festival Palmanova-A 2022"]
[Site "Strassoldo"]
[Date "2022.12.09"]
[Round "3.12"]
[White "Perossa, Nicolas"]
[Black "Laco, Giuseppe"]
[Result "1-0"]
[ECO "B30"]
[WhiteElo "2195"]
[BlackElo "1913"]
[Annotator "TA"]
[PlyCount "95"]
[EventDate "2022.12.08"]
[EventType "swiss"]
[EventCountry "ITA"]
[SourceTitle "playchess.com"]
[Source "ChessBase"]
[SourceQuality "1"]
[TimeControl "5400+30"]

1. e4 c5 2. Nf3 Nc6 3. Bb5 a6 4. Bxc6 bxc6 5. O-O d5 6. d3 e6 {[%emt 0:01:26] B30: Sicilian: 2...Nc6 3 Bb5, lines without ...g6.} 7. Nc3 h6 8. b3 {[%emt 0:05:20] [#]} Nf6 $146 {[%emt 0:01:36] White is better.} ({Predecessor:} 8... Ne7 9. a4 Ng6 10. Re1 d4 11. Ne2 e5 12. Ng3 Qf6 13. Nh5 Qd8 14. h3 Rh7 {1-0 (38) Hozdic,I (1546)-Bogataj,T (1610) Ljubljana 2009}) 9. Qe1 Qc7 10. Ba3 a5 11. e5 Nd7 12. Na4 $1 g5 13. h3 {[%emt 0:05:59] White is more active.} Rg8 14. Qe3 g4 15. hxg4 Rxg4 16. Nh2 ({Weaker is} 16. Bxc5 Nxc5 17. Nxc5 d4 18. Nxd4 Bxc5 19. Nxe6 Bxe6 $17) ({Not} 16. Nxc5 d4 17. Nxd7 Kxd7 $15) 16... d4 {[%emt 0:03:25] [#]} 17. Qe2 (17. Qh3 $142 $1 Rg7 18. f4 (18. Qxh6 $2 {perishes.} Rxg2+ 19. Kxg2 Bxh6 $19)) 17... Rf4 {[%emt 0:08:30] A mistake that costs the game.} (17... Rg7 $16 {keeps fighting.}) 18. Bc1 $18 Rf5 19. f4 h5 20. Nf3 {[%emt 0:01:51][%cal Bh2f3,Bf3d2,Bd2e4,Be4g3,Bg3f5][%mdl 32] And now Ng5 would win.} Be7 21. Nb2 Nb6 (21... Ba6 $16 22. Bd2 Nb6 23. Bxa5 Bxd3 24. Nxd3 Rxa5) 22. Nd2 Nd5 23. Ne4 Ba6 24. Ng3 {[%emt 0:01:08][%csl LRf5,LRh5] Prevents h4.} h4 25. Nxf5 exf5 26. Nc4 Bxc4 (26... Qc8 $142 27. Qh5 Qe6 28. Qh8+ Bf8) 27. bxc4 {[%emt 0:01:07] White is clearly winning.} Nb6 28. Bd2 Qc8 29. Rab1 Nd7 30. Qh5 {[%emt 0:03:09] [#] Threatens to win with e6.} Nf8 {[%emt 0:01:05] Against e6} 31. a4 Ng6 32. Rfe1 Qe6 33. Rb7 Kf8 34. Reb1 Kg7 35. Rb8 Ra7 36. Qf3 Qd7 37. R8b6 Rc7 38. R1b3 f6 39. exf6+ Bxf6 40. Bxa5 Ra7 41. Bd2 Bd8 42. Rxc6 Ne7 43. Rxc5 Qxa4 44. Rcb5 Qa6 45. Qf2 Qf6 46. Rb7 Ra1+ 47. Rb1 Ra6 48. Be1 {[%emt 0:00:39] Weighted Error Value: White=0.33/Black=0.47} 1-0

[Event "11th Festival Palmanova-A 2022"]
[Site "Strassoldo"]
[Date "2022.12.10"]
[Round "4.2"]
[White "Loiacono, Leonardo"]
[Black "Titze, Leo"]
[Result "1-0"]
[ECO "E38"]
[WhiteElo "2271"]
[BlackElo "2252"]
[Annotator "TA"]
[PlyCount "133"]
[EventDate "2022.12.08"]
[EventType "swiss"]
[EventCountry "ITA"]
[SourceTitle "playchess.com"]
[Source "ChessBase"]
[SourceQuality "1"]
[TimeControl "5400+30"]

1. d4 Nf6 2. c4 e6 3. Nc3 Bb4 4. Qc2 c5 5. dxc5 Na6 6. a3 Bxc3+ 7. Qxc3 Nxc5 8. b4 Nce4 9. Qd4 d5 10. c5 {[%emt 0:00:24] [#]} a5 $146 {[%emt 0:00:06] E38: Nimzo-Indian: Classical: 4...c5.} (10... b6 $1 $11) ({Predecessor:} 10... b6 11. cxb6 axb6 12. Bb2 O-O 13. f3 Nd6 14. e3 e5 15. Qxe5 Re8 16. Qg5 d4 17. Bxd4 Nf5 18. Bxf6 {1-0 (31) Gareyev,T (2573)-Adly,A (2596) Warsaw 2021}) 11. f3 $16 b6 12. fxe4 $18 axb4 {[%emt 0:00:15] White is clearly better.} 13. axb4 Rxa1 (13... bxc5 $142 14. bxc5 Rxa1 15. Qxa1 O-O) 14. Qxa1 bxc5 15. bxc5 Nxe4 16. Nf3 (16. Qxg7 $2 {is the wrong capture.} Qa5+ 17. Kd1 Qa4+ 18. Ke1 Qb4+ 19. Kd1 Bd7 20. Qxh8+ Ke7 $19) 16... O-O 17. e3 f6 (17... Bb7 $16 18. Be2 Qa8) 18. Be2 Nxc5 19. O-O {[%emt 0:02:40] [#] Black must now prevent Ba3.} Rf7 20. Qa8 {[%emt 0:13:23] Strongly threatening Ba3.} Qb6 21. Bd2 ({Worse is} 21. Qxc8+ Rf8 $11) 21... Rf8 22. Qa5 {[%emt 0:02:15] Prevents Ba6.} Qxa5 23. Bxa5 {[%emt 0:00:05] aiming for Bb4.} Ne4 24. Bb4 Rd8 25. Ra1 Bd7 26. Nd2 Ng5 (26... Nxd2 $142 27. Bxd2 Rb8) 27. Ra7 Rb8 28. Ba3 Be8 29. h4 Nf7 30. Re7 e5 31. Bf3 e4 32. Bg4 {[%emt 0:04:50] Hoping for Be6.} Nh6 33. Bh3 Bh5 34. Bd6 Ra8 35. Bf4 {[%emt 0:01:17] And now Bxh6 would win.} Ng4 36. Bxg4 Ra1+ 37. Kh2 Bxg4 38. Re8+ Kf7 39. Rd8 Ra5 40. Kg3 h5 41. Nb3 Rb5 42. Rb8 Rxb8 43. Bxb8 g5 (43... Bc8 {was called for.} 44. Kf4 Bd7) 44. Bc7 Ke8 45. Nd4 Kd7 46. Ba5 Ke8 47. Be1 Kd7 48. Kh2 Kc7 49. Ba5+ Kd7 50. g3 Kd6 51. Bb4+ Ke5 52. hxg5 fxg5 53. Be7 h4 $2 (53... Bd7 54. Bxg5 Kd6) 54. gxh4 {[%emt 0:00:08] White is clearly winning.} gxh4 55. Bxh4 Kd6 56. Kg3 Bd1 57. Kf4 Kc5 58. Bf6 Kc4 59. Nc6 Kc5 60. Ne7 Kd6 61. Nf5+ Ke6 {[%emt 0:00:16] [#]} 62. Bb2 $1 Ba4 63. Nd4+ Kf6 64. Nb3+ Kg6 65. Nc5 Bb5 66. Ke5 Bc4 67. Ne6 {[%emt 0:08:18] Black did not feel at home in the position after the opening.   Weighted Error Value: White=0.10 (very precise) /Black=0.24 (precise)} 1-0

[Event "11th Festival Palmanova-A 2022"]
[Site "Strassoldo"]
[Date "2022.12.10"]
[Round "4.3"]
[White "Savanovic, Maksim"]
[Black "Belli, Giorgio"]
[Result "1/2-1/2"]
[WhiteElo "2154"]
[BlackElo "2165"]
[Annotator "TA"]
[PlyCount "15"]
[EventDate "2022.12.08"]
[EventType "swiss"]
[EventCountry "ITA"]
[SourceTitle "playchess.com"]
[Source "ChessBase"]
[SourceQuality "1"]
[TimeControl "5400+30"]

1. d4 Nf6 2. Bf4 c5 3. e3 Qb6 4. Na3 Qxb2 5. Nb5 Nd5 {[%emt 0:00:06] The position is equal.} 6. Rb1 {[%emt 0:00:22] A45: Trompowsky Attack.} ({Much weaker is} 6. dxc5 Nxf4 7. Rb1 (7. Nc7+ $2 Kd8 $19) 7... Qe5 $15) 6... Qxa2 7. Ra1 Qb2 {[%emt 0:00:07] [#] A balanced but interesting game.} {Predecessor:} 8. Rb1 $146 1/2-1/2

[Event "11th Festival Palmanova-A 2022"]
[Site "Strassoldo"]
[Date "2022.12.10"]
[Round "4.4"]
[White "Liloni, Francesco Mattia"]
[Black "Lumachi, Gabriele"]
[Result "1/2-1/2"]
[ECO "C29"]
[WhiteElo "1909"]
[BlackElo "2394"]
[Annotator "TA"]
[PlyCount "54"]
[EventDate "2022.12.08"]
[EventType "swiss"]
[EventCountry "ITA"]
[SourceTitle "playchess.com"]
[Source "ChessBase"]
[SourceQuality "1"]
[TimeControl "5400+30"]

1. e4 e5 2. Nc3 Nf6 3. f4 d5 4. fxe5 Nxe4 5. Qf3 Nc6 (5... f5 $5 ) 6. Bb5 {[%emt 0:00:07] C29: Vienna Game: 2...Nf6 3 f4.} Nxc3 7. dxc3 Be6 8. Bf4 {[%emt 0:02:29] The position is equal.} a6 9. Bd3 {[%emt 0:02:06] [#]} (9. Bxc6+ $11 bxc6 10. Ne2) 9... g5 $146 ({Predecessor:} 9... Qd7 10. Qg3 O-O-O 11. Nf3 h6 12. h4 Bf5 13. O-O-O Bxd3 14. Rxd3 Qe6 15. Nd4 Nxd4 16. cxd4 {½-½ (64) Lagarde,M (2573)-Dardha,D (2609) Cap d'Agde 2022}) 10. Bg3 Bg7 11. Qe3 d4 12. cxd4 Qxd4 13. Qxd4 Nxd4 14. Nf3 Nxf3+ 15. gxf3 O-O-O 16. O-O-O (16. h4 $5 ) 16... Rd5 (16... Bxa2 17. b3 $18) 17. Rde1 Ra5 (17... h5 $5 ) 18. h4 gxh4 19. Rxh4 Rxa2 20. Rxh7 Rg8 {[%emt 0:06:52] [#]} (20... Rxh7 $11 {remains equal.} 21. Bxh7 Ra1+ 22. Kd2 Rxe1 23. Kxe1 f6) 21. Kb1 {[%emt 0:02:24] White is more active.} (21. f4 $1 $16 ) 21... Ra5 $11 22. Bh2 {[%emt 0:01:06] [#]} ({Better is} 22. Rh5 $11) 22... c5 $2 (22... Bxe5 $1 $15 {keeps the upper hand.} 23. c4 (23. Bxe5 Rxe5 24. Be4 f5 $17) 23... Bxh2 24. Rxh2 Rg3) 23. Rg1 $18 c4 24. Be4 ({Worse is} 24. Rhxg7 Rxg7 25. Rxg7 cxd3 26. cxd3 Rc5 $11) 24... f5 (24... c3 $142 25. b3 Rb5 26. Rhxg7 Rd8) 25. Bxb7+ $2 ({Less strong is} 25. Rhxg7 Rxg7 26. Rxg7 fxe4 $14) (25. exf6 $18 {and the rest is easy.} Kd8 26. Rhxg7 Rxg7 27. Rxg7) 25... Kxb7 $16 {[%emt 0:00:14] White is better.} 26. Rgxg7+ Rxg7 27. Rxg7+ Kc6 {[%emt 0:00:04] Weighted Error Value: White=0.48/Black=0.42} 1/2-1/2

[Event "11th Festival Palmanova-A 2022"]
[Site "Strassoldo"]
[Date "2022.12.10"]
[Round "4.5"]
[White "Ranfagni, Stefano"]
[Black "Neuschmied, Siegfried"]
[Result "0-1"]
[ECO "A24"]
[WhiteElo "1934"]
[BlackElo "2244"]
[Annotator "TA"]
[PlyCount "58"]
[EventDate "2022.12.08"]
[EventType "swiss"]
[EventCountry "ITA"]
[SourceTitle "playchess.com"]
[Source "ChessBase"]
[SourceQuality "1"]
[TimeControl "5400+30"]

1. c4 Nf6 2. Nc3 g6 3. g3 Bg7 4. Bg2 d6 5. e4 O-O 6. Nge2 e5 7. O-O c6 8. d3 a6 9. a4 a5 10. h3 Na6 11. Be3 {[%emt 0:00:38] A24: English Opening vs King's Indian: Lines without ...Nc6.} Nd7 12. f4 f5 13. Kh2 {[%emt 0:04:00] The position is equal.} Ndc5 {[%emt 0:04:33] [#]} 14. Ra3 $146 ({White should try} 14. d4 $15 exd4 15. Bxd4) ({Predecessor:} 14. exf5 Bxf5 15. fxe5 dxe5 16. d4 exd4 17. Nxd4 Bd3 18. Rxf8+ Bxf8 19. Rc1 Qe8 20. Bg5 {0-1 (35) Iotov,V (2502)-Chatalbashev,B (2573) Sunny Beach 2007}) 14... Qe7 15. Qd2 Be6 16. Ng1 (16. exf5 $15 Bxf5 17. fxe5 dxe5 18. Ne4) 16... Nb4 $17 {[%emt 0:05:00] Threatens to win with ...exf4. Black is more active.} 17. Nce2 (17. exf5 $17 Bxf5 18. fxe5) 17... fxe4 $19 18. Bxc5 dxc5 19. Bxe4 Rad8 {[%emt 0:00:32] Strongly threatening ...Bxc4.} 20. Qc1 Bf5 21. Bxf5 Rxf5 (21... gxf5 $2 {too greedy.} 22. fxe5 Nxd3 23. Qc2) 22. Qe3 $2 {[%emt 0:01:20] [#]} (22. Rf3) 22... Nc2 {[%emt 0:00:56][%csl LRa3,LRe3] Black is clearly winning.} 23. Qe4 Nxa3 24. bxa3 Rf7 25. Rb1 exf4 26. Qxe7 Rxe7 27. Nxf4 g5 28. Nh5 Rxd3 29. Nxg7 Kxg7 {[%emt 0:00:03] White got outplayed after the opening.   Weighted Error Value: White=0.62/Black=0.04 (flawless)} 0-1

[Event "11th Festival Palmanova-A 2022"]
[Site "Strassoldo"]
[Date "2022.12.10"]
[Round "4.6"]
[White "Ceschia, Ivano"]
[Black "Perossa, Nicolas"]
[Result "1/2-1/2"]
[ECO "C77"]
[WhiteElo "2217"]
[BlackElo "2195"]
[Annotator "TA"]
[PlyCount "96"]
[EventDate "2022.12.08"]
[EventType "swiss"]
[EventCountry "ITA"]
[SourceTitle "playchess.com"]
[Source "ChessBase"]
[SourceQuality "1"]
[TimeControl "5400+30"]

1. e4 e5 2. Nf3 Nc6 3. Bb5 a6 4. Ba4 Nf6 5. Bxc6 dxc6 6. d3 Bd6 7. Nbd2 Be6 8. b3 {[%emt 0:16:01] C77: Ruy Lopez: 3...a6 4 Ba4 Nf6, unusual lines.} Qe7 9. Bb2 Nd7 10. O-O O-O-O 11. Nc4 {[%emt 0:07:23] [#]} Bxc4 $146 ({Predecessor:} 11... Bg4 12. Qe2 f6 13. Nxd6+ Qxd6 14. Qe3 Bxf3 15. Qxf3 Nf8 16. Rfe1 Ne6 17. Rad1 c5 {0-1 (27) Bonelli Maestracci,P (1801)-Venkatesh,M (2479) Bastia 2022}) 12. bxc4 g5 13. a4 g4 14. Nd2 Qh4 15. Nb3 Rhg8 (15... f5 {is more complex.} 16. exf5 Rhf8 17. g3 Qh3) 16. Bc1 {[%emt 0:06:59] Prevents f5.} (16. Qe2 $11) 16... Nc5 ({Black should play} 16... f5 $17 {...f4 is the strong threat.} 17. Qe2 f4) 17. Nxc5 $11 Bxc5 18. Be3 {[%emt 0:01:54] Prevents g3.} g3 $40 {[%emt 0:07:43][%mdl 128] White needs to defend precisely.} 19. hxg3 (19. Bxc5 $2 Qxh2#) 19... Rxg3 {[%emt 0:00:10][%mdl 64] [#]} 20. fxg3 (20. Bxc5 $11 {was the only way to keep the balance.} Rh3 21. gxh3 Qxh3 22. f4 (22. f3 $2 Qg3+ 23. Kh1 Qh4+ 24. Kg2 Rg8#) 22... Qg3+ 23. Kh1 Qh3+ 24. Kg1 Qg3+ 25. Kh1 Qh3+ 26. Kg1) 20... Bxe3+ $17 21. Rf2 Qxg3 {[%emt 0:00:41][%mdl 64] Pin} (21... Bxf2+ $6 22. Kxf2 Qe7 23. Qe2 $11) 22. Qf3 Qxf3 ({And not} 22... Bxf2+ 23. Qxf2 Qg6 24. Rf1 $15) 23. gxf3 {[%emt 0:00:02][%cal Og1f1][%mdl 4096] Endgame KRR-KRB} Rd6 ({Much worse is} 23... Bxf2+ $6 24. Kxf2 Rh8 25. c5 $15) 24. Kf1 Bxf2 25. Kxf2 {[%emt 0:00:02] KR-KR} Rh6 {[%emt 0:00:33] Inhibits Rh1.} 26. Rg1 Rh2+ 27. Ke3 Kd7 28. Rg7 Ke7 ({Reject} 28... Rxc2 $6 29. Rxf7+ Kd6 30. Rxh7 $11) 29. c3 Kf8 {[%emt 0:03:03] Prevents Rg8+.} 30. Rg5 {[%emt 0:00:20] Prevents f5.} f6 31. Rf5 Ke7 32. d4 exd4+ 33. cxd4 Ke6 34. Ra5 h5 35. Kf4 Rc2 36. Rxh5 Rxc4 37. Ke3 Rxa4 {[%emt 0:03:58] And now ...Ra3+ would win.} 38. f4 $1 Ra3+ 39. Ke2 Kf7 40. Rh7+ {[%emt 0:01:32] [#]} Kg6 $1 41. Rxc7 Rb3 42. Rc8 a5 {[%emt 0:07:05] White must now prevent ...a4.} (42... f5 $5 43. e5 Kf7 $17) 43. Rg8+ {[%emt 0:00:14] The position is equal.} Kf7 44. Ra8 Rb4 45. Ke3 Rb3+ 46. Ke2 Rb2+ 47. Kd3 Rb3+ 48. Kd2 Rb4 {[%emt 0:00:21] Weighted Error Value: White=0.15 (very precise) /Black=0.12 (very precise)} 1/2-1/2

[Event "11th Festival Palmanova-A 2022"]
[Site "Strassoldo"]
[Date "2022.12.10"]
[Round "4.7"]
[White "Casadio, Niccolo`"]
[Black "Iolis, Oleg"]
[Result "1-0"]
[ECO "B90"]
[WhiteElo "2095"]
[BlackElo "2212"]
[Annotator "TA"]
[PlyCount "157"]
[EventDate "2022.12.08"]
[EventType "swiss"]
[EventCountry "ITA"]
[SourceTitle "playchess.com"]
[Source "ChessBase"]
[SourceQuality "1"]
[TimeControl "5400+30"]

1. e4 c5 2. Nf3 d6 3. d4 cxd4 4. Nxd4 Nf6 5. Nc3 a6 6. Be3 e5 7. Nb3 Be7 8. f3 Be6 9. Qd2 h5 10. Be2 Nbd7 {[%emt 0:00:10] B90: Sicilian Najdorf: Unusual White 6th moves, 6 Be3 Ng4 and 6 Be3 e5.} 11. Nd5 Bxd5 12. exd5 Qc7 {[%emt 0:00:13] White is slightly better. is now more promising than 12...0-0.} 13. Na5 e4 14. f4 {[%emt 0:00:58] Prevents Ne5.} Ng4 (14... Bd8 $5 15. b4 Ng4 $11) 15. Bxg4 hxg4 {[%emt 0:00:02] [#]} 16. g3 $146 {[%emt 0:02:24] Inhibits Bh4.} ({Predecessor:} 16. O-O O-O 17. Rac1 Bf6 18. c4 Nc5 19. b4 Nd3 20. Rc2 Rac8 21. Rb1 Qd7 22. b5 axb5 23. Rxb5 Rxc4 24. Rxb7 Rxc2 25. Qxc2 {0-1 (48) Petrov,M (2533)-Yordanov,L (2296) Plovdiv 2021}) 16... f5 17. Rc1 Bf6 18. c4 Bxb2 19. Rb1 $14 Bf6 20. Rxb7 (20. Nxb7 Rb8 21. Qb4 O-O $19) 20... Qc8 21. O-O O-O (21... Bd8 $1 $11 {keeps the balance.} 22. Rfb1 Bxa5 23. Qxa5 Qxc4) 22. Rfb1 $1 $16 Nc5 23. R7b6 $36 {[%emt 0:00:20][%mdl 2048] White is really pushing. White has more active pieces.} Bd8 {[%emt 0:12:29] [#]} 24. Rc6 (24. Rxd6 $6 Bxa5 25. Qxa5 Nb7 26. Rxb7 Qxb7 $11) ({White should play} 24. Nc6 $1 $16) 24... Qd7 $14 ({Less strong is} 24... Bxa5 25. Qxa5 Qd8 26. Qxd8 Rfxd8 27. Bxc5 dxc5 28. Kf2 $18 (28. Rxc5 Rdc8 $18)) 25. Kg2 Re8 (25... Rf6 $14) 26. Qb4 (26. Bxc5 {with more complications.} dxc5 27. Nb7 e3 28. Qc2) 26... Rc8 (26... Bxa5 $14 27. Qxa5 Qe7) 27. Bxc5 (27. Rxc8 $1 $18 Qxc8 28. Nc6) 27... Bxa5 (27... dxc5 $14 28. Qb7 (28. Rxc5 $2 {too greedy.} Rxc5 29. Qxc5 Qa4 $19) 28... Qxb7 29. Nxb7 Rxc6 30. dxc6 Bc7) 28. Qxa5 $16 dxc5 29. Qxc5 (29. Rxa6 $142 {Hoping for Ra7.} e3 30. Ra7) 29... e3 30. Rxc8 (30. a3 $16) 30... Rxc8 $14 31. Qxe3 {[%emt 0:00:38] Threatens to win with Qd3.} Rxc4 32. Qe6+ (32. Qd3 $14 Qc8 33. Rb8 $3 Qxb8 34. Qxc4) 32... Qxe6 $11 33. dxe6 {[%emt 0:00:07][%mdl 4096] Endgame KR-KR} Kf8 34. Rb7 g6 35. Kf2 Ra4 36. Rf7+ Ke8 37. Rg7 Rxa2+ 38. Ke3 Ra4 $1 39. Kd3 Re4 (39... a5 $11 {remains equal.}) 40. Rxg6 $16 Ke7 {[%emt 0:00:08] [#] Against Rf6} 41. Rg7+ (41. Rxg4 $1 $16 {aiming for Rg6.} Rxe6 (41... a5 42. h4) 42. Rg7+ Kf6 43. Ra7) 41... Kxe6 $14 42. Rg6+ Kd5 ({Black should try} 42... Kf7 $14 43. Rxg4 (43. Rxa6 Re8 $14) 43... a5) 43. Rxa6 (43. Rf6 $1 $16 Rd4+ 44. Kc3 Rc4+ 45. Kb3) 43... Rd4+ $11 44. Ke3 Re4+ 45. Kf2 Rc4 46. Rf6 Rc2+ ({Better is} 46... Ke4 $14) 47. Ke3 $16 Rc3+ 48. Kd2 Ra3 49. Rxf5+ Ke4 $2 (49... Kd4 $16 {was called for.}) 50. Rc5 (50. Re5+ $142 Kd4 51. Ke1) 50... Kd4 $18 51. Rg5 (51. Rc2 $18) 51... Ra2+ $11 52. Kc1 Rxh2 53. Rxg4 Kc3 $1 54. Kd1 {[%emt 0:00:08] f5 is the strong threat.} Kd3 $1 55. Ke1 Ke3 56. Kf1 Kf3 57. Kg1 {[%emt 0:00:04] Inhibits Rh1+.} Rg2+ 58. Kh1 $1 Ra2 59. Rg8 Ra1+ 60. Kh2 Ra2+ $2 {[%emt 0:00:07][%mdl 8192] White leaves nothing to chance now.} (60... Ra5 $11) 61. Kh3 {[%emt 0:00:31] Intending Kh4 and mate.} Ra1 $2 (61... Ra6 $11 62. Kh4 Ra5) 62. Kh4 Rh1+ 63. Kg5 Kxg3 64. Rb8 Kf3 65. Rb4 Rg1+ 66. Kf5 Kg3 67. Kg5 Kf3+ $1 {[%emt 0:00:12] [#]} 68. Kf6 $1 Kg4 69. f5+ Kh5 70. Rb8 Ra1 {[%emt 0:00:15] [#]} 71. Rh8+ $1 Kg4 72. Kg6 {[%emt 0:00:05] White mates.} Kf4 73. f6 Rg1+ 74. Kf7 Rg5 75. Rb8 Ra5 76. Kg7 Rg5+ 77. Kf8 Kf5 78. Kf7 Kf4 79. Rb4+ {[%emt 0:00:05] Weighted Error Value: White=0.29 (precise) /Black=0.38} 1-0